 Dungeon Crawl Stone Soup version 0.16.2-12-gd0ad4c3 (webtiles) character file.

350 kenny521 the Covered (level 6, 0/42 HPs)
             Began as a Halfling Fighter on Sept 22, 2015.
             Succumbed to a scorpion's poison
             ... on level 5 of the Dungeon.
             The game lasted 00:15:11 (2813 turns).

kenny521 the Covered (Halfling Fighter)             Turns: 2813, Time: 00:15:11

Health: 0/42       AC:  8    Str: 17    XL:     6   Next: 92%
Magic:  6/6        EV: 13    Int: 12    God:
Gold:   176        SH:  6    Dex: 15    Spells: 0 memorised, 5 levels left

rFire  . . .     SeeInvis .     a - +1 rapier
rCold  + . .     Clarity  .     b - +0 scale mail
rNeg   . . .     SustAb   .     c - +0 buckler
rPois  .         Gourm    .     (no helmet)
rElec  .         Spirit   .     (no cloak)
rCorr  .         Warding  .     (no gloves)
rMut   .         Stasis   .     j - +0 pair of boots
MR     .....                    (no amulet)
Stlth  +.........               t - ring of stealth
                                e - ring of protection from cold

@: brilliant, lethally poisoned (0 -> -7), hasted, very quick, not resistant to
hostile enchantments, very unstealthy
A: mutation resistance 1
a: no special abilities


You were on level 5 of the Dungeon.
You were not hungry.

You visited 1 branch of the dungeon, and saw 5 of its levels.

You collected 176 gold pieces.

Inventory:

Hand weapons
 a - a +1 rapier (weapon)
Armour
 b - a +0 scale mail (worn)
 c - a +0 buckler (worn)
 j - a +0 pair of boots (worn)
Jewellery
 e - a ring of protection from cold (left hand)
 t - a ring of stealth (right hand)
Magical devices
 k - a wand of invisibility (1)
Scrolls
 i - a scroll of recharging
 l - a scroll of remove curse
 r - a scroll of identify
Potions
 q - 2 potions of brilliance
Comestibles
 d - 6 bread rations
 g - 5 slices of pizza
 h - 2 meat rations
 m - 3 fruits
 o - a beef jerky


   Skills:
 + Level 3.4 Fighting
 + Level 4.5 Short Blades
 + Level 4.9 Armour
 + Level 2.8 Dodging
 + Level 0.8 Stealth
 + Level 4.5 Shields


You had 5 spell levels left.
You didn't know any spells.

Dungeon Overview and Level Annotations

Branches:
Dungeon (5/15)
 Temple: D:4-7

Altars:


Innate Abilities, Weirdness & Mutations

You are small and have problems with some larger weapons.
You are somewhat resistant to further mutation.


Message History

You feel sick.
As you read the scroll labeled ILULACV KODWAO, it crumbles to dust.
You feel forgetful for a moment.
It was a scroll of amnesia.
* * * LOW HITPOINT WARNING * * *
You feel sick.
* * * LOW HITPOINT WARNING * * *
You feel sick. The scorpion barely misses you.
As you read the scroll labeled GHIMOG SEIROGGU, it crumbles to dust.
You feel strangely unstable.
It was a scroll of teleportation.
* * * LOW HITPOINT WARNING * * *
You feel sick. The scorpion barely misses you.
* * * LOW HITPOINT WARNING * * *
You feel sick.
* * * LOW HITPOINT WARNING * * *
You feel sick.
Your surroundings suddenly seem different.
* * * LOW HITPOINT WARNING * * *
You feel sick.
It was a potion of haste.
You feel yourself speed up.
You die...

###
#..
#.#
...
#.#
#.#
#.#
#@#
#.#
#.#
#.#
#.#
#.#
#..
###


There were no monsters in sight!

Vanquished Creatures
  An ogre (D:4)
  A scorpion (D:4)
  A giant frog zombie (D:4)
  An orc priest (D:3)
  A worker ant (D:5)
  6 adders
  2 giant geckos (D:3)
  2 oozes (D:4)
  4 orcs (D:3)
  A ball python (D:4)
  9 bats
  3 giant cockroaches
  16 goblins
  6 hobgoblins
  10 kobolds
  A quokka (D:3)
  A giant gecko skeleton (D:4)
  4 giant newts
  6 rats
76 creatures vanquished.

Notes
Turn   | Place    | Note
--------------------------------------------------------------
     0 | D:1      | kenny521, the Halfling Fighter, began the quest for the Orb.
     0 | D:1      | Reached XP level 1. HP: 15/15 MP: 1/1
   241 | D:1      | Reached XP level 2. HP: 20/20 MP: 2/2
   976 | D:2      | Reached XP level 3. HP: 25/25 MP: 3/3
  1287 | D:3      | Reached skill level 1 in Dodging
  1480 | D:3      | Reached XP level 4. HP: 30/30 MP: 4/4
  1486 | D:3      | Reached skill level 4 in Armour
  1596 | D:3      | Reached XP level 5. HP: 29/36 MP: 5/5
  2305 | D:4      | Reached XP level 6. HP: 39/42 MP: 6/6
  2480 | D:4      | Noticed an ogre
  2495 | D:4      | Killed an ogre
  2701 | D:5      | Entered Level 5 of the Dungeon
  2809 | D:5      | HP: 2/42 [poisoned by a scorpion]
  2813 | D:5      | Succumbed to a scorpion's poison

Action                   |  1- 3 |  4- 6 || total
-------------------------+-------+-------++-------
Melee: Rapier            |   113 |   206 ||   319
  Use: Potion            |     1 |     7 ||     8
       Scroll            |       |    11 ||    11
 Stab: Invisible         |       |     5 ||     5
  Eat: Bread ration      |     1 |     1 ||     2
